Map: Miner Evacuation

Players

ZPR

  • Race: Zerg Zerg
  • League: Master
  • Spawn Location: 7:00

Meursault

  • Race: Terran Terran
  • Spawn Location: 7:00

VOD

Have the link to the VOD?

Description

Time

  • Played on: Sept. 19, 2017, 6:07 a.m.
  • Length: 24:18
Show
View Real Time Build Order
Export as new Build Order

ZPR Zerg 

Build Orders:  

Get SALT Encoding   

  6  0:10  Drone x2  
  6  0:18  Drone x2  
  8  0:28  Drone x2  
  9  0:38  Drone x2  
  10  0:41  Extractor  
  9  0:52  Drone x2  
  10  1:13  Spawning Pool  
  10  1:19  Drone x2  
  11  1:26  Drone x2  
  12  1:34  Drone x2  
  13  1:44  Baneling Nest  
  12  1:58  Overlord, Extractor  
  12  2:02  Drone x2  
  13  2:10  Evolution Chamber  
  13  2:15  Drone x2  
  13  2:40  Lair  
  13  2:43  Overlord  
  13  2:45  Drone x2  
  18  2:50  Drone x2  
  17  3:02  Heroic Fortitude  
  17  3:08  Overlord  
  17  3:18  Overlord  
  19  3:24  Drone x2  
  20  3:30  Drone x2  
  21  3:48  Drone x2  
  24  3:54  Drone x2  
  25  4:00  Drone x2  
  25  4:02  Medusa Blades  
  25  4:09  Drone x2  
  27  4:18  Overlord  
  29  4:28  Drone x4  
  31  4:35  Overlord  
  33  4:50  Aberration  
  36  5:10  Aberration  
  41  5:20  Aberration  
  44  5:37  Aberration  
  46  5:57  Aberration  
  43  6:14  Aberration  
  45  6:26  Hive  
  42  6:44  Aberration  
  49  7:20  Hatchery  
  49  7:24  Aberration  
  52  7:39  Drone x4  
  54  7:48  Overlord  
  53  8:01  Extractor  
  53  8:03  Extractor  
  53  8:08  Aberration  
  52  8:16  Aberration  
  54  8:30  Drone x4  
  54  8:39  Aberration  
  59  8:52  Aberration  
  59  8:53  Aberration  
  59  8:58  Zerg Melee Weapons Level 1  
  64  9:03  Rupture  
  57  9:19  Overseer x2  
  57  9:25  Aberration x2  
  57  9:36  Aberration  
  57  9:38  Roach x14  
  57  9:39  Roach x6  
  57  10:08  Aberration x2  
  60  10:19  Aberration  
  60  10:20  Aberration x2  
  66  10:34  Overlord x3  
  66  10:37  Corrosive Acid  
  66  10:53  Overlord  
  62  11:02  Aberration x2  
  62  11:03  Aberration  
  70  11:25  Aberration  
  70  11:26  Aberration  
  78  11:39  Aberration  
  76  11:42  Zerg Melee Weapons Level 2  
  76  11:48  Aberration  
  79  11:56  Aberration  
  83  12:05  Aberration  
  73  12:22  Aberration  
  64  12:41  Roach x10  
  64  12:42  Roach x8  
  39  13:12  Aberration x4  
  39  13:13  Aberration x2  
  48  13:22  Aberration  
  49  13:35  Aberration  
  49  13:37  Overseer  
  54  13:47  Aberration  
  55  13:57  Overlord  
  55  13:58  Aberration  
  59  14:05  Aberration  
  59  14:08  Overlord  
  62  14:18  Aberration  
  62  14:20  Aberration  
  62  14:21  Aberration  
  62  14:24  Drone x8  
  62  14:25  Drone x6  
  77  14:39  Aberration x2  
  83  14:43  Overseer  
  85  15:02  Aberration x2  
  89  15:27  Hatchery  
  87  15:42  Hatchery  
  87  15:48  Spore Crawler x2  
  87  15:49  Spore Crawler  
  85  15:50  Spine Crawler  
  85  15:53  Spine Crawler  
  85  15:56  Spine Crawler  
  85  15:59  Spine Crawler  
  85  16:04  Overlord  
  85  16:05  Overlord  
  77  16:30  Aberration  
  77  16:38  Overseer  
  62  16:45  Roach x6  
  62  16:46  Roach x12  
  62  16:47  Roach x2  
  62  16:49  Aberration  
  54  17:02  Overlord  
  54  17:03  Overseer  
  54  17:06  Aberration x2  
  54  17:07  Aberration  
  55  17:10  Overlord  
  55  17:16  Aberration  
  55  17:19  Aberration  
  53  17:24  Aberration  
  47  17:37  Aberration  
  44  17:41  Aberration  
  38  17:55  Aberration x2  
  43  18:04  Aberration  
  46  18:20  Aberration  
  49  18:36  Aberration x2  
  55  18:43  Drone x4  
  55  18:46  Aberration  
  58  18:52  Drone x2  
  62  19:09  Aberration x2  
  67  19:12  Overlord  
  66  19:26  Aberration  
  66  19:27  Aberration  
  74  19:44  Aberration  
  71  19:52  Drone x2  
  71  19:53  Drone x8  
  71  19:54  Drone x2  
  79  20:18  Hatchery  
  79  20:21  Spore Crawler  
  79  20:25  Spore Crawler  
  79  20:28  Spore Crawler  
  79  20:30  Spore Crawler  
  79  20:36  Spine Crawler  
  79  20:38  Spine Crawler  
  75  20:48  Spine Crawler  
  72  20:51  Spine Crawler  
  74  21:07  Hatchery  
  74  21:24  Hatchery  
  74  21:26  Hatchery  
  74  21:27  Drone x2, Spine Crawler  
  75  21:34  Aberration  
  78  21:48  Aberration x2  
  86  22:01  Spore Crawler  
  86  22:09  Spine Crawler  
  85  22:10  Aberration  
  82  22:24  Aberration x2  
  75  22:31  Drone x2  
  75  22:33  Drone x4  
  75  22:34  Roach x6  
  75  22:35  Roach x12  
  75  22:36  Roach x2  
  57  22:55  Aberration x3  
  63  23:11  Aberration x2  
  60  23:29  Aberration x2  
Show
View Real Time Build Order
Export as new Build Order

Meursault Terran 

Build Orders:  

Get SALT Encoding   

Tags
 
Commander
RaynorZagara
League
Master
Matchup
Co-op
Replay Pack
Co-op Speedrun
Add a new tag
Caveats
  • Supply blocks, unpowered buildings, or Contaminate may cause inaccurate times.
  • Supply counts are checked every 10 seconds.